 Dungeon Crawl Stone Soup version 0.20.1-1-g8b1a95d (webtiles) character file.

3093 tidbits the Nimble (level 9, 0/62 HPs)
             Began as an Octopode Air Elementalist on July 17, 2017.
             Was an Initiate of Gozag.
             Slain by an orc warrior
             ... wielding a +0 halberd
              (18 damage)
             ... on level 8 of the Dungeon.
             The game lasted 00:50:25 (5720 turns).

tidbits the Nimble (Octopode Air Elementalist)      Turns: 5720, Time: 00:50:25

Health: 0/62       AC:  8    Str:  7    XL:     9   Next: 90%
Magic:  0/13       EV: 19    Int: 20    God:    Gozag
Gold:   1149       SH:  0    Dex: 17    Spells: 3/14 levels left

rFire    . . .     SeeInvis .   a - +0 dagger (protect)
rCold    + . .     Gourm    .   (no shield)
rNeg     . . .     Faith    .   (helmet restricted)
rPois    .         Spirit   +   H - amulet of guardian spirit
rElec    .         Reflect  .   y - ring of protection from cold
rCorr    .         Harm     .   X - +4 ring of dexterity
MR       .....                  (no ring)
Stlth    ++++......             (no ring)
Regen    0.2/turn               (no ring)
MPRegen  0.2/turn               (no ring)
                                (no ring)
                                (no ring)

@: confusing touch, protection aura
A: almost no armour, stealthy swim, amphibious, 8 rings, constrict 8, camouflage
1, gelatinous body 1
a: Potion Petition, Call Merchant, Bribe Branch, Renounce Religion


You were on level 8 of the Dungeon.
You worshipped Gozag.
Gozag was most pleased with you.
You were not hungry.

You visited 1 branch of the dungeon, and saw 11 of its levels.

You collected 1196 gold pieces.
You paid 47 gold pieces to Gozag.

Inventory:

Hand Weapons
 a - a +0 dagger of protection (weapon)
   (You took it off a goblin on level 1 of the Dungeon)
 p - a +0 hunting sling
 S - a +2 shortbow of flaming
   (You took it off a centaur on level 8 of the Dungeon)
Missiles
 e - 238 stones
 v - 48 sling bullets
 F - 90 arrows
 O - 8 javelins (quivered)
Armour
 w - a +2 shield
Jewellery
 y - a ring of protection from cold (left tentacle)
   (You found it on level 1 of the Dungeon)
 H - an amulet of guardian spirit (around mantle)
   (You found it on level 5 of the Dungeon)
 X - a +4 ring of dexterity (right tentacle)
   (You found it on level 5 of the Dungeon)
Wands
 G - a wand of scattershot (4/9)
 I - a wand of iceblast (9/15)
 J - a wand of confusion (19/48)
 M - a wand of iceblast (4/15)
 N - a wand of flame (34/48)
 P - a wand of disintegration (9/24)
 R - a wand of lightning (11/15)
Scrolls
 f - a scroll of immolation {unknown}
 j - a scroll of noise
 k - 2 scrolls of recharging {unknown}
 n - 2 scrolls of random uselessness {unknown}
 r - 6 scrolls of remove curse
 t - 4 scrolls of teleportation
 x - 3 scrolls of fog
 B - a scroll of enchant armour {unknown}
 E - 2 scrolls of magic mapping {unknown}
 K - a scroll of fear {unknown}
 Q - a scroll of vulnerability {unknown}
Potions
 c - a potion of agility
 g - 3 potions of invisibility
 i - 2 potions of brilliance
 l - 2 potions of heal wounds
 m - a potion of haste
 o - 4 potions of curing
 q - a potion of magic
 s - 2 potions of might
 u - a potion of cancellation
 z - 3 potions of berserk rage
 C - 3 potions of flight
 L - 2 potions of lignification {unknown}
Books
 h - a book of Air

   Spells                             Type                      Level
   a - Shock                          Conjuration/Air              1
   b - Swiftness                      Charms/Air                   2
   c - Static Discharge               Conjuration/Air              3
   d - Airstrike                      Air                          4
   e - Lightning Bolt                 Conjuration/Air              5
 T - a book of Misfortune
   (You found it on level 8 of the Dungeon)

   Spells                             Type                      Level
   a - Confusing Touch                Hexes                        1
   b - Confuse                        Hexes                        3
   c - Gell's Gravitas                Translocation                3
   d - Petrify                        Transmutation/Earth          4
   e - Metabolic Englaciation         Hexes/Ice                    5
   f - Yara's Violent Unravelling     Hexes/Transmutation          5
Comestibles
 b - 7 bread rations
 d - 6 royal jellies
 A - 4 fruits


   Skills:
 - Level 6.2 Fighting
 - Level 8.1 Dodging
 - Level 5.1 Stealth
 - Level 3.0 Spellcasting
 - Level 4.0 Conjurations
 + Level 1.0 Hexes
 - Level 7.2 Air Magic


You had 3 spell levels left.
You knew the following spells:

 Your Spells              Type           Power        Failure   Level  Hunger
d - Static Discharge      Conj/Air       ####....     4%          3    ###....
i - Airstrike             Air            ####......   7%          4    ####...
t - Confusing Touch       Hex            #.....       10%         1    None
z - Shock                 Conj/Air       ####         1%          1    None
W - Swiftness             Chrm/Air       ###.....     4%          2    ##.....


Dungeon Overview and Level Annotations

Branches:
Dungeon (11/15)            Temple (0/1) D:4
   Lair: D:8-11         Orc: D:9-12

Altars:
Dithmenos
Gozag
Makhleb
Yredelemnul
The Shining One

Annotations:
D:4 exclusion: oklob sapling, Dowan; Duvessa; Edmund; Menkaure; rezek's ghost, amateur HaHu
D:9 exclusion: killer bee, Joseph
D:10 exclusion: downstairs
D:11 Harold


Innate Abilities, Weirdness & Mutations

You cannot wear most types of armour.
You are very stealthy in the water. (Stealth+)
You are amphibious.
You can wear up to eight rings at the same time.
You can use your tentacles to constrict eight enemies at once.
Your skin changes colour to match your surroundings (Stealth+).
Your rubbery body absorbs attacks. (AC +1, EV +1)


Message History

The orc wizard is heavily wounded.
The orc wizard gestures at you while chanting.
The puff of flame hits you!
Casting: Shock
Confirm with . or Enter, or press ? or * to list all spells.
Aiming: Shock
Press: ? - help, Shift-Dir - straight line The zap misses the orc wizard. x2
The orc wizard casts a spell at you.
You are confused.
You're too confused to cast spells.
You're too confused to cast spells.
The orc wizard misses you. The orc wizard casts a spell at you.
You easily resist.
The orc wizard closely misses you.
You bump into the rock wall.
The orc wizard hits you with a trident.
You hit the orc wizard but do no damage.
Your weapon exudes an aura of protection.
You squeeze the orc wizard, but do no damage.
The orc wizard is heavily wounded.
The orc wizard completely misses you.
You barely miss the orc wizard.
The orc wizard is heavily wounded.
You feel less confused. The orc wizard hits you with a trident.
You see here a potion of degeneration.
Casting: Shock
Confirm with . or Enter, or press ? or * to list all spells.
Aiming: Shock
Press: ? - help, Shift-Dir - straight line The zap hits the orc wizard.
The orc wizard is severely wounded.
The zap misses the orc wizard.
The orc wizard completely misses you.
Casting: Shock
Confirm with . or Enter, or press ? or * to list all spells.
Aiming: Shock
Press: ? - help, Shift-Dir - straight line The zap hits the orc wizard.
You kill the orc wizard!
Your Hexes skill increases to level 1!
You now have 1149 gold pieces (gained 5).
Things that are here:
a trident; a robe
Things that are here:
a dagger; a robe
Casting: Shock
Confirm with . or Enter, or press ? or * to list all spells.
Aiming: Shock
Press: ? - help, Shift-Dir - straight line, f - orc warrior
Aim: an orc warrior, wielding a halberd and wearing a chain mail (lightly wounded, hasn't noticed you)
The zap hits the orc warrior.
The orc warrior appears unharmed.
The orc warrior is lightly wounded.
The orc warrior shouts!
You hear a bark!
Things that are here:
a trident; a robe
Press: ? - help, v - describe, . - travel
Here: an orc warrior, wielding a halberd and wearing a chain mail (lightly wounded)
The floor.
A jackal comes into view.
You see here a potion of degeneration.
Casting: Shock
Confirm with . or Enter, or press ? or * to list all spells.
Aiming: Shock
Press: ? - help, Shift-Dir - straight line, f/p - orc warrior
Aim: an orc warrior, wielding a halberd and wearing a chain mail (lightly wounded)
Okay, then.
Casting: Shock
Confirm with . or Enter, or press ? or * to list all spells.
Aiming: Shock
Press: ? - help, Shift-Dir - straight line, p - orc warrior The zap misses the orc warrior.
The zap hits the orc warrior.
The orc warrior is lightly wounded.
Casting: Shock
Confirm with . or Enter, or press ? or * to list all spells.
Your tentacles begin to glow red.
The orc warrior hits you from afar with a halberd!
The orc warrior hits you with a halberd!!
* * * LOW HITPOINT WARNING * * *
Unknown command.
You barely miss the orc warrior. You grab the orc warrior.
The orc warrior is lightly wounded.
You constrict the orc warrior, but do no damage.
You hit the orc warrior but do no damage.
Your weapon exudes an aura of protection.
The orc warrior is lightly wounded.
You constrict the orc warrior, but do no damage.
The orc warrior hits you with a halberd!
* * * LOW HITPOINT WARNING * * *
Unknown command.
You feel much better.
You constrict the orc warrior, but do no damage.
The orc warrior hits you with a halberd!
* * * LOW HITPOINT WARNING * * *
You hit the orc warrior but do no damage.
The orc warrior is lightly wounded.
You constrict the orc warrior, but do no damage.
The orc warrior hits you with a halberd!!
You die...
Your body crumbles into a pile of gold.

# .# #.# #
# #!# # #.#
# #.# ##
#.# .# #.#
.## #h# ..#
#o# #.##
#@# #..#
####.# ##.#
#....# #.#
#.#### #.#
#.### #.#
#...#######
#.#
###.......#
#.##
#.#####.##
#).#
###.......#


You could see an orc warrior and a jackal.

Vanquished Creatures
  Pikel (D:8)
  A spriggan (D:7)
  A steam dragon (D:7)
  An orc warrior (D:6)
  2 ice beasts
  A black bear (D:8)
  A phantom (D:6)
  4 slaves (D:8)
  4 ogres
  2 centaurs
  A big kobold (D:7)
  2 bullfrogs
  2 howler monkeys
  5 crimson imps
  2 jellies (D:9)
  A quasit (D:9)
  3 orc priests
  4 hounds
  An iron imp (D:5)
  8 orc wizards
  Crazy Yiuf (D:2)
  Jessica (D:2)
  An iguana (D:9)
  6 worker ants
  A hound skeleton (D:7)
  A gnoll (D:1)
  6 adders
  A shadow imp (D:5)
  An ooze (D:3)
  An adder skeleton (D:4)
  6 worms
  3 dart slugs
  6 leopard geckos
  20 orcs
  2 ball pythons (D:3)
  6 bats
  9 giant cockroaches
  5 goblins
  5 hobgoblins
  5 jackals
  3 quokkas
  A ball python skeleton (D:4)
  7 frilled lizards
  2 goblin skeletons (D:5)
  3 hobgoblin zombies (D:5)
  17 kobolds
  A kobold zombie (D:5)
  An orc skeleton (D:5)
  2 orc zombies (D:5)
  3 rats (D:1)
174 creatures vanquished.

Vanquished Creatures (others)
  2 plants (D:4)
2 creatures vanquished.

Grand Total: 176 creatures vanquished

Notes
Turn   | Place    | Note
-------+----------+-------------------------------------------
     0 | D:1      | tidbits the Octopode Air Elementalist began the quest for the Orb.
     0 | D:1      | Reached XP level 1. HP: 11/11 MP: 3/3
   116 | D:1      | Reached XP level 2. HP: 17/17 MP: 0/5
   120 | D:1      | Learned a level 2 spell: Swiftness
   221 | D:1      | Reached skill level 2 in Conjurations
   268 | D:1      | Reached XP level 3. HP: 11/21 MP: 0/6
   649 | D:2      | Noticed Jessica
   748 | D:3      | Reached skill level 3 in Stealth
   748 | D:3      | Reached XP level 4. HP: 23/27 MP: 2/7
   772 | D:3      | Reached skill level 4 in Stealth
   820 | D:4      | Noticed an ogre
   981 | D:4      | Noticed an ogre
  1038 | D:4      | Reached skill level 5 in Stealth
  1038 | D:4      | Reached XP level 5. HP: 31/31 MP: 4/8
  1043 | D:4      | Learned a level 3 spell: Static Discharge
  1067 | D:4      | Noticed Menkaure
  1092 | D:4      | Found an opulent altar of Gozag.
  1264 | D:4      | Found a staircase to the Ecumenical Temple.
  1271 | D:4      | Noticed rezek's ghost (amateur HaHu)
  1298 | D:4      | Reached skill level 3 in Conjurations
  1298 | D:4      | Reached skill level 4 in Air Magic
  1398 | D:4      | Noticed Duvessa
  1398 | D:4      | Noticed Dowan
  1398 | D:4      | Noticed an ice beast
  1475 | D:4      | Became a worshipper of Gozag Ym Sagoz the Greedy
  1566 | D:3      | Reached XP level 6. HP: 29/36 MP: 2/9
  2093 | D:2      | Found a runed door.
  2097 | D:2      | Noticed Crazy Yiuf
  2122 | D:2      | Killed Crazy Yiuf
  2128 | D:2      | Killed Jessica
  2128 | D:2      | Reached skill level 4 in Conjurations
  2308 | D:4      | Reached skill level 3 in Spellcasting
  2316 | D:4      | Learned a level 4 spell: Airstrike
  2330 | D:4      | Reached skill level 5 in Air Magic
  2330 | D:4      | Reached XP level 7. HP: 11/41 MP: 3/11
  2389 | D:5      | Entered Level 5 of the Dungeon
  2568 | D:4      | Reached skill level 6 in Air Magic
  2750 | D:4      | Reached skill level 7 in Air Magic
  2750 | D:4      | Reached XP level 8. HP: 8/46 MP: 5/12
  2769 | D:4      | Noticed Edmund
  3105 | D:5      | Reached skill level 1 in Fighting
  3310 | D:5      | Found a glowing golden altar of the Shining One.
  3331 | D:5      | Reached skill level 3 in Dodging
  3666 | D:5      | Found a basalt altar of Yredelemnul.
  3666 | D:5      | Found a burning altar of Makhleb.
  3817 | D:7      | Found a shadowy altar of Dithmenos.
  3829 | D:7      | Reached skill level 2 in Fighting
  3964 | D:7      | Reached skill level 3 in Fighting
  4019 | D:7      | Noticed a spriggan baker
  4022 | D:7      | Killed a spriggan baker
  4022 | D:7      | Reached skill level 4 in Fighting
  4058 | D:7      | Reached skill level 5 in Fighting
  4119 | D:7      | Reached skill level 4 in Dodging
  4157 | D:6      | Reached XP level 9. HP: 55/61 MP: 8/13
  4253 | D:6      | Reached skill level 5 in Dodging
  4614 | D:5      | Reached skill level 6 in Dodging
  4809 | D:9      | Noticed Joseph
  5018 | D:10     | Entered Level 10 of the Dungeon
  5032 | D:11     | Noticed Harold
  5194 | D:9      | Reached skill level 6 in Fighting
  5524 | D:8      | Reached skill level 7 in Dodging
  5544 | D:8      | Noticed Pikel
  5552 | D:8      | Killed Pikel
  5552 | D:8      | Reached skill level 8 in Dodging
  5639 | D:8      | Learned a level 1 spell: Confusing Touch
  5697 | D:8      | Reached skill level 1 in Hexes
  5720 | D:8      | Slain by an orc warrior

Skill      XL: |  1  2  3  4  5  6  7  8  9 |
---------------+----------------------------+-----
Conjurations   | 2 3 4 |  4.0
Stealth        | 3 5 |  5.1
Air Magic      | 4 5 7 |  7.2
Spellcasting   | 3 |  3.0
Fighting       | 5 6 |  6.2
Dodging        | 4 8 |  8.1
Hexes          | 1 |  1.0

Action                   |  1- 3 |  4- 6 |  7- 9 || total
-------------------------+-------+-------+-------++-------
Melee: Unarmed           |    12 |       |       ||    12
       Constrict         |    10 |    27 |    30 ||    67
       Dagger            |    19 |    92 |   100 ||   211
       Tentacles         |     4 |    17 |    20 ||    41
 Cast: Shock             |    35 |    79 |   164 ||   278
       Static Discharge  |       |     2 |     1 ||     3
       Airstrike         |       |       |    12 ||    12
       Confusing Touch   |       |       |     1 ||     1
  Use: Scroll            |     3 |     9 |     7 ||    19
       Potion            |       |     1 |     1 ||     2
 Stab: Sleeping          |     4 |     4 |     7 ||    15
       Distracted        |       |     1 |     1 ||     2
  Eat: Chunk             |       |     3 |       ||     3
       Meat ration       |       |     1 |     2 ||     3
       Fruit             |       |       |     1 ||     1
Armor: Skin              |     6 |    18 |    14 ||    38
Dodge: Dodged            |    14 |    66 |    95 ||   175

Table legend:
 A = Turns spent in this place as a percentage of turns spent in the entire game.
 B = Non-inter-level travel turns spent in this place as a percentage of non-inter-level travel turns spent in the entire game.
 C = Inter-level travel turns spent in this place as a percentage of turns spent in this place.
 D = Turns resting spent in this place as a percentage of non-inter-level travel turns spent in this place.
 E = Turns spent auto-exploring this place as a percentage of non-inter-level travel turns spent in this place.
 F = Non-inter-level travel turns spent in this place divided by the number of levels of this place that you've seen.
                   A       B       C       D       E      F
               +-------+-------+-------+-------+-------+----------------------
         Total | 100.0 | 100.0 |   0.3 |   0.0 |   0.0 | 439.3
       Dungeon | 100.0 | 100.0 |   0.3 |   0.0 |   0.0 | 439.3
               +-------+-------+-------+-------+-------+----------------------

Table legend:
 A = Kills in this place as a percentage of kills in entire the game.
 B = Kills by you in this place as a percentage of kills by you in the entire game.
 C = Kills by friends in this place as a percentage of kills by friends in the entire game.
 D = Other kills in this place as a percentage of other kills in the entire game.
 E = Experience gained in this place as a percentage of experience gained in the entire game.
 F = Experience gained in this place divided by the number of levels of this place that you have seen.
                   A       B       C       D       E      F
               +-------+-------+-------+-------+-------+----------------------
         Total | 100.0 | 100.0 |  -nan |  -nan | 100.0 | 401.7
       Dungeon | 100.0 | 100.0 |  -nan |  -nan | 100.0 | 401.7
               +-------+-------+-------+-------+-------+----------------------

Vault maps used:
D:1:      mushboom_english_gardens, minmay_hexomino_c4
D:2:      uniq_jessica, uniq_crazy_yiuf_cottage
D:3:      first_bread, grunt_decor_arrowhead
D:4:      minmay_temple_entry_oklob, grunt_gozag_statues, uniq_menkaure,
          uniq_edmund, uniq_duvessa
D:5:      cheibrodos_fzero, gammafunk_temple_overflow_elements,
          nicolae_tso_besieged_by_evil
D:6:      minivault_11
D:7:      old_standard_altar, the_bakery
D:8:      uniq_pikel
D:9:      uniq_joseph
D:10:     serial_shops, shop_statue, bh_hangedman_babel_library, uniq_psyche
D:11:     gammafunk_sealed_arena, minmay_lair_entry_grove, orc_0_dummy,
          uniq_nergalle, uniq_harold, uniq_urug
